AoeStats
← EscorpioDx

Arabia

508087486Analyzed
4v4 RM · 12d ago on Sep 20, 2026· 37m 10s· 8 players
Game mode
Random Map
Map size
Large (8 player)
Population
200
Speed
Normal
Resources
Standard
Victory
Conquest
Starting age
Dark Age
Ending age
Imperial Age
RankedLock teamsTeams togetherTeam positionsShared explorationLock speedFull tech treeHidden civsTurbo modeCheats
Victory
Defeat
🇵🇪 Slavs · Peru
881
+13
🇲🇽 Bohemians · Mexico
864
+14
🇲🇽 Goths · Mexico
842
+16
🇺🇸 Vietnamese · United States
836
+15
🇸🇪 Persians · Sweden
921
-18
🇹🇷 Portuguese · Türkiye
807
-14
🇹🇷 Italians · Türkiye
789
-13
🇨🇳 Ethiopians · China
776
-13
EscorpioDx
13:15 Feudal Age
13:41 Double-Bit Axe
14:35 Wheelbarrow
14:27 Gold Mining
17:47 Man-at-Arms
28:18 Castle Age
27:19 Horse Collar
27:55 Scale Mail Armor
28:06 Forging
29:39 Hand Cart
29:44 Bow Saw
30:48 Long Swordsman
31:29 Squires
33:04 Iron Casting
32:45 Chain Mail Armor
34:33 Heavy Plow
MonikaGaming
12:58 Feudal Age
14:11 Double-Bit Axe
14:11 Horse Collar
19:49 Castle Age
22:44 Loom
26:58 Padded Archer Armor
31:14 Imperial Age
34:29 Chemistry
35:02 Wheelbarrow
36:19 Conscription
36:23 Elite Hussite Wagon
xxyvonnederful
7:58 Loom
10:07 Feudal Age
12:42 Fletching
12:45 Double-Bit Axe
13:14 Gold Mining
17:52 Padded Archer Armor
21:51 Castle Age
22:00 Crossbowman
22:40 Bodkin Arrow
24:11 Ballistics
30:12 Thumb Ring
30:37 Leather Archer Armor
-Nv.~|Annier^^!|
0:40 Loom
10:46 Feudal Age
12:15 Wheelbarrow
11:27 Double-Bit Axe
14:40 Horse Collar
23:04 Castle Age
21:52 Gold Mining
21:53 Stone Mining
24:00 Hand Cart
23:57 Bow Saw
33:57 Imperial Age
33:00 Light Cavalry
34:11 Town Watch
35:41 Two-Man Saw
34:47 Heavy Plow
34:16 Hussar
35:07 Bloodlines
34:57 Husbandry
36:03 Detinets
36:58 Gold Shaft Mining
36:41 Pikeman
37:22 Squires
Drac
12:36 Feudal Age
14:39 Wheelbarrow
13:57 Man-at-Arms
15:13 Double-Bit Axe
17:48 Horse Collar
22:29 Castle Age
31:01 Hand Cart
30:46 Gold Mining
RİGBY
0:28 Loom
10:56 Feudal Age
11:22 Horse Collar
11:31 Double-Bit Axe
11:41 Gold Mining
13:07 Arson
16:37 Man-at-Arms
19:36 Stone Mining
23:52 Bloodlines
27:10 Castle Age
30:16 Husbandry
36:36 Stone Shaft Mining
Mordecai
0:29 Loom
13:09 Feudal Age
14:26 Wheelbarrow
13:39 Double-Bit Axe
13:38 Horse Collar
15:09 Man-at-Arms
17:25 Gold Mining
17:26 Stone Mining
21:21 Bloodlines
22:39 Forging
24:51 Scale Barding Armor
24:47 Scale Mail Armor
29:42 Castle Age
31:22 Iron Casting
30:49 Padded Archer Armor
30:40 Fletching
32:37 Chain Barding Armor
34:11 Husbandry
34:28 Light Cavalry
天坛奇人
7:34 Loom
11:53 Feudal Age
15:47 Castle Age
15:55 Castle Age
16:07 Double-Bit Axe
16:07 Horse Collar
18:08 Bow Saw
19:04 Crossbowman
19:49 Thumb Ring
21:02 Gold Mining
23:30 Fletching
23:41 Padded Archer Armor
26:04 Stone Mining
28:09 Wheelbarrow
29:23 Heavy Plow
Connection lost

Rejoining the realm…

Still unreachable

The connection could not be restored.

Session expired

The server has moved on; the page needs a fresh start.